Canucks vs Flames
Created - March 11, 2020 at 19:43
Goals
|
Canucks |
0 |
1 |
1 |
2 |
Flames |
2 |
2 |
1 |
5 |
|
Shots
|
Canucks |
14 |
9 |
13 |
36 |
Flames |
17 |
9 |
10 |
36 |
|
1st period
1. Flames , David Backes 35 (Eric Staal 53) at 16:55 (PP)
2. Flames , Patrik Berglund 11 (Peter Prucha 11, Brad Marchand 23) at 19:34
Penalties :
Robert Nilsson (Van) for Cross-checking (Minor) at 16:38
2nd period
3. Canucks , Nick Palmieri 29 (Robert Nilsson 39, Loui Eriksson 19) at 1:01
4. Flames , David Backes 36 (Eric Staal 54, Brad Marchand 24) at 3:04
5. Flames , Patrik Berglund 12 (Erik Johnson 28) at 18:09
Penalties :
Jamie McBain (Van) for Holding (Minor) at 3:27
3rd period
6. Flames , Derek Meech 2 (Unassisted) at 1:11
7. Canucks , Brad Boyes 12 (Marc Savard 18) at 12:34 (PP)
Penalties :
Sami Vatanen (Cal) for Fighting (Major) at 1:25, Robert Nilsson (Van) for Fighting (Major) at 1:25, Sami Vatanen (Cal) for instigated a fight (Minor) at 1:25, Sami Vatanen (Cal) for instigated a fight (10 Minutes Misconduct) at 1:25, Andrei Kostitsyn (Van) for Hooking (Minor) at 5:18, Nick Palmieri (Van) for Charging (Minor) at 10:03, Peter Prucha (Cal) for Holding (Minor) at 10:57, Robert Nilsson (Van) for Kneeing (Minor) at 12:39, Jamie McBain (Van) for Slashing (Minor) at 16:45
Goalie Stats
Jacob Markstrom (Van), 31 saves from 36 shots - (0.861), L, 22-23-5, 60:00 minutes
Jonas Gustavsson (Cal), 34 saves from 36 shots - (0.944), W, 23-13-3, 60:00 minutes
Players Stats for Canucks
Player Name G A P +/- PIM S H SB GA TA FO MP PP MP PK MP
------------------------------------------------------------------------------------
Andrei Kostitsyn 0 0 0 -1 2 0 1 1 1 0 0/0 17:06 0:56 0:52
Andy Rogers 0 0 0 -3 0 1 1 0 0 1 0/0 20:02 1:15 3:49
Brad Boyes 1 0 1 -1 0 3 1 0 1 0 0/1 15:42 0:56 0:15
Brandon Saad 0 0 0 0 0 0 0 0 0 0 0/0 5:06 0:00 0:47
Brandon Sutter 0 0 0 -2 0 2 0 1 1 0 3/6 14:52 1:01 1:34
Drew Fata 0 0 0 0 0 1 1 0 0 0 0/0 29:30 1:16 5:24
Jack Skille 0 0 0 0 0 0 1 0 0 0 0/2 2:49 1:17 0:00
Jamie McBain 0 0 0 0 4 5 2 2 1 2 0/0 26:50 1:16 2:47
Jason Zucker 0 0 0 -2 0 2 1 0 0 0 0/0 11:35 0:00 0:00
Jeremy Morin 0 0 0 -2 0 2 1 1 0 0 5/7 14:57 0:06 2:46
Jesper Fast 0 0 0 0 0 1 0 0 1 0 0/0 4:19 0:00 0:00
Jonathan Blum 0 0 0 0 0 0 0 0 0 0 0/0 10:48 0:00 0:00
Jordie Benn 0 0 0 0 0 0 1 0 0 0 0/0 13:19 0:00 2:31
Loui Eriksson 0 1 1 0 0 2 0 0 1 0 3/5 19:19 1:01 1:47
Marc Savard 0 1 1 -1 0 0 3 0 1 1 8/14 21:30 0:47 5:31
Nick Palmieri 1 0 1 0 2 6 0 0 0 0 0/1 19:09 1:29 1:30
Paul Ranger 0 0 0 -3 0 3 3 1 0 1 0/0 19:42 1:15 3:43
Robert Nilsson 0 1 1 0 9 8 1 0 0 0 20/36 23:17 0:00 3:23
Players Stats for Flames
Player Name G A P +/- PIM S H SB GA TA FO MP PP MP PK MP
------------------------------------------------------------------------------------
Alexander Semin 0 0 0 1 0 8 0 0 0 0 0/1 20:41 4:41 0:14
Brad Marchand 0 2 2 2 0 2 2 3 0 0 0/0 23:07 4:26 1:05
Brendan Mikkelson 0 0 0 -1 0 0 2 4 0 0 0/0 14:10 2:40 0:28
Colin Wilson 0 0 0 0 0 0 0 1 0 0 2/6 10:12 0:00 1:00
David Backes 2 0 2 2 0 3 3 0 2 1 1/2 22:18 4:41 0:00
David Ullstrom 0 0 0 0 0 0 0 0 1 0 0/0 5:59 0:00 0:00
Derek Meech 1 0 1 3 0 0 1 1 0 1 0/0 23:44 3:58 1:23
Eric Staal 0 2 2 1 0 5 3 1 0 1 20/38 23:16 4:41 0:14
Erik Johnson 0 1 1 1 0 1 1 0 2 0 0/0 25:23 5:25 0:40
Jordin Tootoo 0 0 0 0 0 1 0 0 0 0 0/0 10:27 0:00 1:17
Kyle Palmieri 0 0 0 0 0 0 0 0 0 0 0/0 5:59 0:00 0:00
Mikhail Grabovski 0 0 0 0 0 0 2 0 0 0 1/6 5:59 0:00 0:00
Patrik Berglund 2 0 2 1 0 6 3 0 0 0 9/18 20:18 4:26 1:12
Peter Prucha 0 1 1 1 2 3 1 1 0 0 0/1 19:05 4:25 0:00
Sami Vatanen 0 0 0 1 17 1 2 0 0 0 0/0 17:41 2:29 0:00
Steve Eminger 0 0 0 -1 0 2 2 0 0 0 0/0 22:09 3:42 1:23
Steve Regier 0 0 0 0 0 1 0 1 0 1 0/0 9:01 0:00 0:00
Tim Ramholt 0 0 0 3 0 3 0 1 0 3 0/0 16:52 0:00 1:08
3 Stars
1 - David Backes (Cal)
2 - Patrik Berglund (Cal)
3 - Derek Meech (Cal)
Power Play
Canucks - 1 on 3 Attempt(s) - 33.33%
Flames - 1 on 5 Attempt(s) - 20.00%
Penalty Kill
Canucks - 4 on 5 Attempt(s) - 80.00%
- Score 0 goal in Penalty Kill
Flames - 2 on 3 Attempt(s) - 66.67%
- Score 0 goal in Penalty Kill
Team Stat
Canucks - Hits : 17 - Faceoff Wins : 39 - Blocked Shots : 6 - Penalty Minutes : 17
Flames - Hits : 22 - Faceoff Wins : 33 - Blocked Shots : 13 - Penalty Minutes : 19
Official
Referees : Unknown
Linesman : Unknown
Game Notes
1:11 of 3rd period - Penalty Shot by Derek Meech for Flames - Goal!
Robert Nilsson beats up Sami Vatanen at 1:25 of 3rd period
Finance
Level 1 -- Attendance: 4346 (72.43%) -- Ticket Income $482,406
Level 2 -- Attendance: 3509 (70.18%) -- Ticket Income $252,648
Level 3 -- Attendance: 1404 (70.20%) -- Ticket Income $65,988
Level 4 -- Attendance: 3059 (76.48%) -- Ticket Income $97,888
Luxury Box -- Attendance: 834 (83.40%) -- Ticket Income $155,958
Game was played at the Metal Center.
Total Attendance: 13152 (73.07%)
Total Ticket Income: $1,054,888
Other Income: $158,233
Total Income: $1,213,121
Canucks
5 vs 5 Forward
Center Left Wing Right Wing Time % Phy DF OF
1 Robert Nilsson Loui Eriksson Nick Palmieri 40 1 2 2
2 Marc Savard Andrei Kostitsyn Brad Boyes 30 1 2 2
3 Brandon Sutter Jason Zucker Jeremy Morin 20 1 2 2
4 Robert Nilsson Brandon Saad Jesper Fast 10 1 2 2
5 vs 5 Defense
Defense Defense Time % Phy DF OF
1 Jamie McBain Drew Fata 40 1 2 2
2 Andy Rogers Paul Ranger 30 1 2 2
3 Jonathan Blum Jordie Benn 20 1 2 2
4 Jamie McBain Drew Fata 10 1 2 2
PowerPlay Forward
Center Left Wing Right Wing Time % Phy DF OF
1 Robert Nilsson Loui Eriksson Nick Palmieri 60 1 2 2
2 Marc Savard Andrei Kostitsyn Brad Boyes 40 1 2 2
PowerPlay Defense
Defense Defense Time % Phy DF OF
1 Jamie McBain Drew Fata 60 1 2 2
2 Andy Rogers Paul Ranger 40 1 2 2
Penalty Kill 4 Players Forward
Center Wing Time % Phy DF OF
1 Robert Nilsson Marc Savard 60 1 2 2
2 Loui Eriksson Nick Palmieri 40 1 2 2
Penalty Kill 4 Players Defense
Defense Defense Time % Phy DF OF
1 Jamie McBain Drew Fata 60 1 2 2
2 Andy Rogers Paul Ranger 40 1 2 2
Penalty Kill - 3 Players Forward
Forward Time % Phy DF OF
1 Robert Nilsson 60 1 2 2
2 Marc Savard 40 1 2 2
Penalty Kill - 3 Players Defense
Defense Defense Time % Phy DF OF
1 Jamie McBain Drew Fata 60 1 2 2
2 Andy Rogers Paul Ranger 40 1 2 2
4 vs 4 Forward
Center Wing Time % Phy DF OF
1 Robert Nilsson Marc Savard 60 1 2 2
2 Loui Eriksson Nick Palmieri 40 1 2 2
4 vs 4 Defense
Defense Defense Time % Phy DF OF
1 Jamie McBain Drew Fata 60 1 2 2
2 Andy Rogers Paul Ranger 40 1 2 2
Last Minutes Offensive
Center Left Wing Right Wing Defense Defense
Robert Nilsson Loui Eriksson Nick Palmieri Jamie McBain Drew Fata
Last Minutes Defensive
Center Left Wing Right Wing Defense Defense
Robert Nilsson Loui Eriksson Nick Palmieri Jamie McBain Drew Fata
Goaltenders
Starting : Jacob Markstrom
Backup : Martin Jones
Extra Forwards
Normal : Jack Skille, Brandon Sutter, Jeremy Morin - PP : Jack Skille, Brandon Sutter - PK : Jeremy Morin
Extra Defensemen
Normal : Jonathan Blum, Jordie Benn, Andy Rogers - PP : Jonathan Blum - PK : Jordie Benn, Andy Rogers
Penalty Shots
Robert Nilsson, Marc Savard, Loui Eriksson, Nick Palmieri, Andrei Kostitsyn
Scratches
Kurtis Foster (Bruised Left Shoulder Injury), Colton Gillies (Healthy), Tyler Cuma (Healthy)
Flames
5 vs 5 Forward
Center Left Wing Right Wing Time % Phy DF OF
1 Eric Staal Brad Marchand David Backes 40 1 2 2
2 Patrik Berglund Alexander Semin Peter Prucha 33 2 2 1
3 Colin Wilson Steve Regier Jordin Tootoo 19 2 2 1
4 Mikhail Grabovski David Ullstrom Kyle Palmieri 8 2 2 1
5 vs 5 Defense
Defense Defense Time % Phy DF OF
1 Erik Johnson Sami Vatanen 38 1 2 2
2 Derek Meech Tim Ramholt 29 2 2 1
3 Brendan Mikkelson Steve Eminger 23 2 2 1
4 Derek Meech Steve Eminger 10 2 2 1
PowerPlay Forward
Center Left Wing Right Wing Time % Phy DF OF
1 Eric Staal Alexander Semin David Backes 60 1 0 4
2 Patrik Berglund Brad Marchand Peter Prucha 40 1 0 4
PowerPlay Defense
Defense Defense Time % Phy DF OF
1 Erik Johnson Sami Vatanen 60 1 1 3
2 Derek Meech Steve Eminger 40 1 1 3
Penalty Kill 4 Players Forward
Center Wing Time % Phy DF OF
1 Colin Wilson Brad Marchand 50 1 4 0
2 Patrik Berglund Jordin Tootoo 50 1 4 0
Penalty Kill 4 Players Defense
Defense Defense Time % Phy DF OF
1 Derek Meech Steve Eminger 58 1 4 0
2 Erik Johnson Tim Ramholt 42 1 4 0
Penalty Kill - 3 Players Forward
Forward Time % Phy DF OF
1 Eric Staal 50 1 4 0
2 Brad Marchand 50 1 4 0
Penalty Kill - 3 Players Defense
Defense Defense Time % Phy DF OF
1 Derek Meech Steve Eminger 58 1 4 0
2 Erik Johnson Tim Ramholt 42 1 4 0
4 vs 4 Forward
Center Wing Time % Phy DF OF
1 Eric Staal Alexander Semin 60 2 2 1
2 Colin Wilson Brad Marchand 40 2 2 1
4 vs 4 Defense
Defense Defense Time % Phy DF OF
1 Erik Johnson Sami Vatanen 60 2 2 1
2 Derek Meech Steve Eminger 40 2 2 1
Last Minutes Offensive
Center Left Wing Right Wing Defense Defense
Eric Staal Alexander Semin David Backes Erik Johnson Sami Vatanen
Last Minutes Defensive
Center Left Wing Right Wing Defense Defense
Eric Staal Alexander Semin David Backes Erik Johnson Derek Meech
Goaltenders
Starting : Jonas Gustavsson
Backup : Pekka Rinne
Extra Forwards
Normal : Brad Marchand, Jordin Tootoo, David Ullstrom - PP : David Ullstrom, Colin Wilson - PK : Brad Marchand
Extra Defensemen
Normal : Sami Vatanen, Steve Eminger, Tim Ramholt - PP : Sami Vatanen - PK : Erik Johnson, Tim Ramholt
Penalty Shots
Eric Staal, Alexander Semin, David Backes, Brad Marchand, Patrik Berglund
Scratches
None
% Time on Ice - Canucks
Lines # - Real PCT - Wanted PCT - Time Play
Normal Forward
1 - 35% - 40% - 16:31
2 - 31% - 30% - 14:52
3 - 24% - 20% - 11:35
4 - 9% - 10% - 4:19
Normal Defense
1 - 40% - 40% - 18:53
2 - 31% - 30% - 14:27
3 - 23% - 20% - 10:48
4 - 7% - 10% - 3:09
PP Forward
1 - 69% - 60% - 1:44
2 - 31% - 40% - 0:47
PP Defense
1 - 50% - 60% - 1:16
2 - 50% - 40% - 1:15
PK Forward
1 - 80% - 60% - 7:20
2 - 20% - 40% - 1:47
PK Defense
1 - 59% - 60% - 5:24
2 - 41% - 40% - 3:43
PK3 Forward
1 - 0% - 60%
2 - 0% - 40%
PK3 Defense
1 - 0% - 60%
2 - 0% - 40%
44 Forward
1 - 69% - 60% - 0:45
2 - 31% - 40% - 0:20
44 Defense
1 - 74% - 60% - 0:48
2 - 26% - 40% - 0:17
Last Minute Offensive - 0:00
Last Minute Defensive - 0:00
Total
Forward - 60:00
Defense - 60:00
|
% Time on Ice - Flames
Lines # - Real PCT - Wanted PCT - Time Play
Normal Forward
1 - 37% - 40% - 17:26
2 - 31% - 33% - 14:51
3 - 19% - 19% - 9:01
4 - 13% - 8% - 5:59
Normal Defense
1 - 39% - 38% - 18:33
2 - 29% - 29% - 13:56
3 - 23% - 23% - 10:50
4 - 8% - 10% - 3:58
PP Forward
1 - 51% - 60% - 4:41
2 - 49% - 40% - 4:26
PP Defense
1 - 59% - 60% - 5:25
2 - 41% - 40% - 3:42
PK Forward
1 - 43% - 50% - 1:05
2 - 57% - 50% - 1:26
PK Defense
1 - 74% - 58% - 1:51
2 - 26% - 42% - 0:40
PK3 Forward
1 - 0% - 50%
2 - 0% - 50%
PK3 Defense
1 - 0% - 58%
2 - 0% - 42%
44 Forward
1 - 83% - 60% - 0:54
2 - 17% - 40% - 0:11
44 Defense
1 - 100% - 60% - 1:05
2 - 0% - 40% - 0:00
Last Minute Offensive - 0:00
Last Minute Defensive - 0:00
Total
Forward - 60:00
Defense - 60:00
|
Play-by-Play
1st period
0:01 of 1st period - Eric Staal wins face-off versus Robert Nilsson in neutral zone.
1:56 of 1st period - Backhand shot by Jason Zucker.
1:56 of 1st period - Stopped by Jonas Gustavsson with a rebound.
1:58 of 1st period - Snap shot by Brandon Sutter.
1:58 of 1st period - Stopped by Jonas Gustavsson with a rebound.
2:00 of 1st period - Wrist shot by Jonathan Blum.
2:00 of 1st period - Shot Misses the Net.
2:10 of 1st period - Steve Eminger is hit by Robert Nilsson and loses puck.
2:29 of 1st period - Brendan Mikkelson is hit by Marc Savard and loses puck.
3:23 of 1st period - Backhand shot by Sami Vatanen.
3:23 of 1st period - Deflect By Steve Regier.
3:23 of 1st period - Shot Misses the Net.
3:23 of 1st period - Puck is out of play.
3:24 of 1st period - Brandon Sutter wins face-off versus Patrik Berglund in Canucks zone.
3:30 of 1st period - Icing by Drew Fata.
3:31 of 1st period - Patrik Berglund wins face-off versus Brandon Sutter in Canucks zone.
3:32 of 1st period - Slapshot by Erik Johnson.
3:32 of 1st period - Deflect By Patrik Berglund.
3:32 of 1st period - Stopped by Jacob Markstrom with a rebound.
3:34 of 1st period - Slapshot by Erik Johnson.
3:34 of 1st period - Stopped by Jacob Markstrom with a rebound.
3:36 of 1st period - Snap shot by Alexander Semin.
3:36 of 1st period - Shot Misses the Net.
3:50 of 1st period - Snap shot by Alexander Semin.
3:50 of 1st period - Shot Blocked by Jamie McBain.
3:52 of 1st period - Wrist shot by Patrik Berglund.
3:52 of 1st period - Stopped by Jacob Markstrom without a rebound.
3:53 of 1st period - Eric Staal wins face-off versus Robert Nilsson in Canucks zone.
4:00 of 1st period - Eric Staal is hit by Paul Ranger and loses puck.
4:05 of 1st period - Snap shot by Robert Nilsson.
4:05 of 1st period - Stopped by Jonas Gustavsson without a rebound.
4:06 of 1st period - Eric Staal wins face-off versus Robert Nilsson in Flames zone.
4:35 of 1st period - Snap shot by Alexander Semin.
4:35 of 1st period - Stopped by Jacob Markstrom without a rebound.
4:36 of 1st period - Marc Savard wins face-off versus Patrik Berglund in Canucks zone.
4:54 of 1st period - Paul Ranger is hit by Patrik Berglund and loses puck.
5:31 of 1st period - Wrist shot by Brad Boyes.
5:31 of 1st period - Stopped by Jonas Gustavsson without a rebound.
5:32 of 1st period - Robert Nilsson wins face-off versus Eric Staal in Flames zone.
5:33 of 1st period - Wrist shot by Jamie McBain.
5:33 of 1st period - Shot Misses the Net.
5:35 of 1st period - Wrist shot by Drew Fata.
5:35 of 1st period - Shot Misses the Net.
5:37 of 1st period - Slapshot by Jamie McBain.
5:37 of 1st period - Stopped by Jonas Gustavsson with a rebound.
5:39 of 1st period - Wrist shot by Robert Nilsson.
5:39 of 1st period - Shot Blocked by Brad Marchand.
5:41 of 1st period - Snap shot by Robert Nilsson.
5:41 of 1st period - Shot Blocked by Eric Staal.
5:43 of 1st period - Slapshot by Drew Fata.
5:43 of 1st period - Deflect By Robert Nilsson.
5:43 of 1st period - Shot Misses the Net.
5:43 of 1st period - Puck is out of play.
5:44 of 1st period - Robert Nilsson wins face-off versus Eric Staal in Flames zone.
5:51 of 1st period - Wrist shot by Loui Eriksson.
5:51 of 1st period - Shot Misses the Net.
5:53 of 1st period - Slapshot by Drew Fata.
5:53 of 1st period - Shot Misses the Net.
5:55 of 1st period - Snap shot by Loui Eriksson.
5:55 of 1st period - Shot Misses the Net.
5:57 of 1st period - Snap shot by Robert Nilsson.
5:57 of 1st period - Stopped by Jonas Gustavsson without a rebound.
5:58 of 1st period - David Backes wins face-off versus Robert Nilsson in Flames zone.
6:26 of 1st period - Snap shot by Erik Johnson.
6:26 of 1st period - Shot Blocked by Jamie McBain.
6:45 of 1st period - Off-side.
6:46 of 1st period - Marc Savard wins face-off versus Mikhail Grabovski in neutral zone.
6:49 of 1st period - Derek Meech is hit by Brad Boyes and loses puck.
7:36 of 1st period - Wrist shot by Jordin Tootoo.
7:36 of 1st period - Stopped by Jacob Markstrom with a rebound.
8:06 of 1st period - Erik Johnson is hit by Jeremy Morin and loses puck.
8:15 of 1st period - Wrist shot by Patrik Berglund.
8:15 of 1st period - Stopped by Jacob Markstrom without a rebound.
8:16 of 1st period - Marc Savard wins face-off versus Eric Staal in Canucks zone.
8:41 of 1st period - Eric Staal is hit by Jamie McBain and loses puck.
8:46 of 1st period - Wrist shot by Jason Zucker.
8:46 of 1st period - Stopped by Jonas Gustavsson with a rebound.
8:48 of 1st period - Slapshot by Jamie McBain.
8:48 of 1st period - Stopped by Jonas Gustavsson without a rebound.
8:49 of 1st period - Colin Wilson wins face-off versus Robert Nilsson in Flames zone.
9:02 of 1st period - Wrist shot by Robert Nilsson.
9:02 of 1st period - Shot Misses the Net.
9:04 of 1st period - Wrist shot by Nick Palmieri.
9:04 of 1st period - Stopped by Jonas Gustavsson without a rebound.
9:05 of 1st period - Robert Nilsson wins face-off versus Eric Staal in Flames zone.
9:12 of 1st period - Slapshot by Robert Nilsson.
9:12 of 1st period - Stopped by Jonas Gustavsson with a rebound.
9:31 of 1st period - Patrik Berglund is hit by Andrei Kostitsyn and loses puck.
9:36 of 1st period - Slapshot by Brad Boyes.
9:36 of 1st period - Shot Blocked by Brendan Mikkelson.
10:02 of 1st period - Snap shot by Steve Regier.
10:02 of 1st period - Stopped by Jacob Markstrom without a rebound.
10:03 of 1st period - Eric Staal wins face-off versus Robert Nilsson in Canucks zone.
10:30 of 1st period - Drew Fata is hit by Mikhail Grabovski and loses puck.
10:46 of 1st period - Snap shot by Robert Nilsson.
10:46 of 1st period - Stopped by Jonas Gustavsson with a rebound.
11:05 of 1st period - Icing by Alexander Semin.
11:06 of 1st period - Marc Savard wins face-off versus Patrik Berglund in Flames zone.
11:19 of 1st period - Snap shot by Alexander Semin.
11:19 of 1st period - Stopped by Jacob Markstrom without a rebound.
11:20 of 1st period - Eric Staal wins face-off versus Brandon Sutter in Canucks zone.
11:35 of 1st period - Slapshot by Erik Johnson.
11:35 of 1st period - Shot Misses the Net.
12:02 of 1st period - Icing by Jamie McBain.
12:03 of 1st period - Patrik Berglund wins face-off versus Marc Savard in Canucks zone.
12:06 of 1st period - Snap shot by Alexander Semin.
12:06 of 1st period - Stopped by Jacob Markstrom without a rebound.
12:07 of 1st period - Patrik Berglund wins face-off versus Robert Nilsson in Canucks zone.
12:08 of 1st period - Wrist shot by Alexander Semin.
12:08 of 1st period - Deflect By Robert Nilsson.
12:08 of 1st period - Shot Misses the Net.
12:08 of 1st period - Puck is out of play.
12:09 of 1st period - Robert Nilsson wins face-off versus Patrik Berglund in Canucks zone.
13:32 of 1st period - Slapshot by Jamie McBain.
13:32 of 1st period - Shot Blocked by Steve Regier.
13:46 of 1st period - Snap shot by Alexander Semin.
13:46 of 1st period - Stopped by Jacob Markstrom with a rebound.
13:52 of 1st period - Snap shot by Alexander Semin.
13:52 of 1st period - Stopped by Jacob Markstrom without a rebound.
13:53 of 1st period - Eric Staal wins face-off versus Marc Savard in Canucks zone.
14:11 of 1st period - Eric Staal is hit by Marc Savard.
14:53 of 1st period - Slapshot by Alexander Semin.
14:53 of 1st period - Shot Misses the Net.
14:55 of 1st period - Snap shot by Steve Eminger.
14:55 of 1st period - Shot Misses the Net.
14:57 of 1st period - Snap shot by Peter Prucha.
14:57 of 1st period - Stopped by Jacob Markstrom with a rebound.
15:09 of 1st period - Jeremy Morin is hit by Sami Vatanen and loses puck.
15:46 of 1st period - Wrist shot by Robert Nilsson.
15:46 of 1st period - Stopped by Jonas Gustavsson without a rebound.
15:47 of 1st period - Mikhail Grabovski wins face-off versus Loui Eriksson in Flames zone.
15:52 of 1st period - Jamie McBain is hit by Erik Johnson and loses puck.
16:11 of 1st period - Sami Vatanen is hit by Drew Fata and loses puck.
16:18 of 1st period - Slapshot by Jason Zucker.
16:18 of 1st period - Deflect By Jeremy Morin.
16:18 of 1st period - Stopped by Jonas Gustavsson without a rebound.
16:19 of 1st period - Patrik Berglund wins face-off versus Brad Boyes in Flames zone.
16:19 of 1st period - Patrik Berglund is hit by Marc Savard.
16:35 of 1st period - Wrist shot by Alexander Semin.
16:35 of 1st period - Stopped by Jacob Markstrom without a rebound.
16:36 of 1st period - Robert Nilsson wins face-off versus Eric Staal in Canucks zone.
16:38 of 1st period - Minor Penalty to Robert Nilsson for Cross-checking.
16:39 of 1st period - Jeremy Morin wins face-off versus Eric Staal in Canucks zone.
16:51 of 1st period - Slapshot by Erik Johnson.
16:51 of 1st period - Shot Misses the Net.
16:53 of 1st period - Slapshot by Sami Vatanen.
16:53 of 1st period - Stopped by Jacob Markstrom without a rebound.
16:54 of 1st period - Eric Staal wins face-off versus Jeremy Morin in Canucks zone.
16:55 of 1st period - Slapshot by David Backes.
16:55 of 1st period - Goal by David Backes - Canucks : 0 - Flames : 1.
16:56 of 1st period - Eric Staal wins face-off versus Robert Nilsson in neutral zone.
17:01 of 1st period - Slapshot by Eric Staal.
17:01 of 1st period - Shot Misses the Net.
17:52 of 1st period - Off-side.
17:53 of 1st period - Robert Nilsson wins face-off versus Eric Staal in neutral zone.
17:56 of 1st period - Wrist shot by Eric Staal.
17:56 of 1st period - Stopped by Jacob Markstrom without a rebound.
17:57 of 1st period - Robert Nilsson wins face-off versus David Backes in Canucks zone.
18:12 of 1st period - Snap shot by Jesper Fast.
18:12 of 1st period - Shot Misses the Net.
18:34 of 1st period - Slapshot by Erik Johnson.
18:34 of 1st period - Deflect By Peter Prucha.
18:34 of 1st period - Shot Blocked by Jeremy Morin.
18:34 of 1st period - Puck is out of play.
18:35 of 1st period - Robert Nilsson wins face-off versus Colin Wilson in Canucks zone.
18:52 of 1st period - Slapshot by Jamie McBain.
18:52 of 1st period - Stopped by Jonas Gustavsson with a rebound.
19:34 of 1st period - Snap shot by Patrik Berglund.
19:34 of 1st period - Goal by Patrik Berglund - Canucks : 0 - Flames : 2.
19:35 of 1st period - Eric Staal wins face-off versus Robert Nilsson in neutral zone.
19:38 of 1st period - Jamie McBain is hit by Eric Staal.
Goals for this period are 0 for Canucks vs 2 for Flames.
Shots for this period are 14 for Canucks vs 17 for Flames.
2nd period
0:01 of 2nd period - Robert Nilsson wins face-off versus Eric Staal in neutral zone.
0:12 of 2nd period - Slapshot by Jamie McBain.
0:12 of 2nd period - Stopped by Jonas Gustavsson with a rebound.
0:49 of 2nd period - Snap shot by Eric Staal.
0:49 of 2nd period - Stopped by Jacob Markstrom without a rebound.
0:50 of 2nd period - Loui Eriksson wins face-off versus Peter Prucha in Canucks zone.
0:59 of 2nd period - Wrist shot by Robert Nilsson.
0:59 of 2nd period - Shot Misses the Net.
1:01 of 2nd period - Slapshot by Nick Palmieri.
1:01 of 2nd period - Goal by Nick Palmieri - Canucks : 1 - Flames : 2.
1:02 of 2nd period - Loui Eriksson wins face-off versus Patrik Berglund in neutral zone.
2:19 of 2nd period - Snap shot by Robert Nilsson.
2:19 of 2nd period - Shot Misses the Net.
2:21 of 2nd period - Slapshot by Paul Ranger.
2:21 of 2nd period - Stopped by Jonas Gustavsson with a rebound.
2:23 of 2nd period - Snap shot by Andy Rogers.
2:23 of 2nd period - Shot Blocked by Brendan Mikkelson.
3:04 of 2nd period - Snap shot by David Backes.
3:04 of 2nd period - Goal by David Backes - Canucks : 1 - Flames : 3.
3:05 of 2nd period - Patrik Berglund wins face-off versus Marc Savard in neutral zone.
3:08 of 2nd period - Marc Savard is hit by Sami Vatanen and loses puck.
3:27 of 2nd period - Minor Penalty to Jamie McBain for Holding.
3:28 of 2nd period - Eric Staal wins face-off versus Robert Nilsson in Canucks zone.
4:19 of 2nd period - Snap shot by Nick Palmieri.
4:19 of 2nd period - Stopped by Jonas Gustavsson without a rebound.
4:20 of 2nd period - Patrik Berglund wins face-off versus Nick Palmieri in Flames zone.
4:46 of 2nd period - Icing by Alexander Semin.
4:47 of 2nd period - Eric Staal wins face-off versus Robert Nilsson in Flames zone.
5:27 of 2nd period - Penalty to Jamie McBain is over, Jamie McBain is back on ice.
5:44 of 2nd period - Jordin Tootoo is hit by Jason Zucker and loses puck.
6:43 of 2nd period - Jason Zucker is hit by Brad Marchand and loses puck.
7:22 of 2nd period - Wrist shot by Peter Prucha.
7:22 of 2nd period - Deflect By Alexander Semin.
7:22 of 2nd period - Shot Hit the Post.
7:22 of 2nd period - Puck is out of play.
7:23 of 2nd period - Robert Nilsson wins face-off versus Eric Staal in Canucks zone.
7:23 of 2nd period - Robert Nilsson is hit by David Backes.
7:49 of 2nd period - Snap shot by Peter Prucha.
7:49 of 2nd period - Stopped by Jacob Markstrom with a rebound.
7:51 of 2nd period - Wrist shot by Peter Prucha.
7:51 of 2nd period - Stopped by Jacob Markstrom without a rebound.
7:52 of 2nd period - Eric Staal wins face-off versus Marc Savard in Canucks zone.
9:23 of 2nd period - Jamie McBain is hit by Mikhail Grabovski.
10:31 of 2nd period - Wrist shot by Nick Palmieri.
10:31 of 2nd period - Stopped by Jonas Gustavsson without a rebound.
10:32 of 2nd period - Robert Nilsson wins face-off versus Eric Staal in Flames zone.
10:39 of 2nd period - Snap shot by Brad Marchand.
10:39 of 2nd period - Stopped by Jacob Markstrom with a rebound.
10:41 of 2nd period - Wrist shot by Brad Marchand.
10:41 of 2nd period - Shot Misses the Net.
10:43 of 2nd period - Snap shot by Eric Staal.
10:43 of 2nd period - Stopped by Jacob Markstrom without a rebound.
10:44 of 2nd period - Eric Staal wins face-off versus Marc Savard in Canucks zone.
12:53 of 2nd period - Icing by Sami Vatanen.
12:54 of 2nd period - Eric Staal wins face-off versus Brandon Sutter in Flames zone.
12:54 of 2nd period - Eric Staal is hit by Jordie Benn.
13:12 of 2nd period - Jeremy Morin is hit by Peter Prucha and loses puck.
13:46 of 2nd period - Snap shot by Jason Zucker.
13:46 of 2nd period - Deflect By Jeremy Morin.
13:46 of 2nd period - Shot Misses the Net.
13:46 of 2nd period - Puck is out of play.
13:47 of 2nd period - Robert Nilsson wins face-off versus Eric Staal in Flames zone.
14:14 of 2nd period - Drew Fata is hit by Derek Meech and loses puck.
14:26 of 2nd period - Icing by Brad Boyes.
14:27 of 2nd period - Marc Savard wins face-off versus Colin Wilson in Canucks zone.
15:26 of 2nd period - Backhand shot by Steve Eminger.
15:26 of 2nd period - Stopped by Jacob Markstrom without a rebound.
15:27 of 2nd period - Marc Savard wins face-off versus Eric Staal in Canucks zone.
15:36 of 2nd period - Andrei Kostitsyn is hit by David Backes and loses puck.
15:53 of 2nd period - Alexander Semin is hit by Paul Ranger and loses puck.
16:04 of 2nd period - Snap shot by Brandon Sutter.
16:04 of 2nd period - Shot Blocked by Peter Prucha.
17:04 of 2nd period - Wrist shot by Nick Palmieri.
17:04 of 2nd period - Stopped by Jonas Gustavsson with a rebound.
17:23 of 2nd period - Icing by Sami Vatanen.
17:24 of 2nd period - Brandon Sutter wins face-off versus Patrik Berglund in Flames zone.
17:37 of 2nd period - Snap shot by Brandon Sutter.
17:37 of 2nd period - Shot Misses the Net.
18:09 of 2nd period - Snap shot by Patrik Berglund.
18:09 of 2nd period - Deflect By Andy Rogers.
18:09 of 2nd period - Goal by Patrik Berglund - Canucks : 1 - Flames : 4.
18:10 of 2nd period - Robert Nilsson wins face-off versus Eric Staal in neutral zone.
18:20 of 2nd period - Snap shot by Robert Nilsson.
18:20 of 2nd period - Shot Misses the Net.
18:22 of 2nd period - Slapshot by Drew Fata.
18:22 of 2nd period - Shot Blocked by Brad Marchand.
18:24 of 2nd period - Snap shot by Drew Fata.
18:24 of 2nd period - Stopped by Jonas Gustavsson with a rebound.
18:26 of 2nd period - Slapshot by Jamie McBain.
18:26 of 2nd period - Stopped by Jonas Gustavsson with a rebound.
19:09 of 2nd period - Snap shot by Patrik Berglund.
19:09 of 2nd period - Stopped by Jacob Markstrom with a rebound.
19:31 of 2nd period - Slapshot by Robert Nilsson.
19:31 of 2nd period - Deflect By Kyle Palmieri.
19:31 of 2nd period - Stopped by Jonas Gustavsson with a rebound.
Goals for this period are 1 for Canucks vs 2 for Flames.
Shots for this period are 9 for Canucks vs 9 for Flames.
3rd period
0:01 of 3rd period - Robert Nilsson wins face-off versus Eric Staal in neutral zone.
0:12 of 3rd period - Wrist shot by Robert Nilsson.
0:12 of 3rd period - Shot Misses the Net.
0:32 of 3rd period - Slapshot by Brad Boyes.
0:32 of 3rd period - Deflect By Marc Savard.
0:32 of 3rd period - Shot Blocked by Brendan Mikkelson.
0:32 of 3rd period - Puck is out of play.
0:33 of 3rd period - Marc Savard wins face-off versus Alexander Semin in Flames zone.
1:11 of 3rd period - Penalty Shot by Derek Meech for Flames.
1:11 of 3rd period - Snap shot by Derek Meech.
1:11 of 3rd period - Goal by Derek Meech - Canucks : 1 - Flames : 5.
1:12 of 3rd period - Eric Staal wins face-off versus Robert Nilsson in neutral zone.
1:13 of 3rd period - Robert Nilsson wins face-off versus Eric Staal in Flames zone.
1:13 of 3rd period - Snap shot by Nick Palmieri.
1:13 of 3rd period - Shot Misses the Net.
1:25 of 3rd period - Robert Nilsson beats up Sami Vatanen.
1:25 of 3rd period - Penalty to Sami Vatanen for Fighting.
1:25 of 3rd period - Penalty to Robert Nilsson for Fighting.
1:25 of 3rd period - Penalty to Sami Vatanen for instigated a fight.
1:25 of 3rd period - Penalty to Sami Vatanen for instigated a fight.
1:26 of 3rd period - Colin Wilson wins face-off versus Loui Eriksson in Canucks zone.
3:22 of 3rd period - Steve Eminger is hit by Jamie McBain and loses puck.
3:25 of 3rd period - Penalty to Sami Vatanen is over, David Backes is send on ice.
3:35 of 3rd period - Wrist shot by Jeremy Morin.
3:35 of 3rd period - Stopped by Jonas Gustavsson without a rebound.
3:36 of 3rd period - Jeremy Morin wins face-off versus Mikhail Grabovski in Flames zone.
3:51 of 3rd period - Snap shot by Jesper Fast.
3:51 of 3rd period - Stopped by Jonas Gustavsson without a rebound.
3:52 of 3rd period - Eric Staal wins face-off versus Jack Skille in Flames zone.
3:52 of 3rd period - Eric Staal is hit by Jack Skille.
4:32 of 3rd period - Icing by Erik Johnson.
4:33 of 3rd period - Patrik Berglund wins face-off versus Jack Skille in Flames zone.
5:08 of 3rd period - Snap shot by Brad Marchand.
5:08 of 3rd period - Stopped by Jacob Markstrom with a rebound.
5:10 of 3rd period - Snap shot by Eric Staal.
5:10 of 3rd period - Shot Blocked by Andrei Kostitsyn.
5:18 of 3rd period - Minor Penalty to Andrei Kostitsyn for Hooking.
5:19 of 3rd period - Eric Staal wins face-off versus Jeremy Morin in Canucks zone.
6:25 of 3rd period - Penalty to Robert Nilsson is over, Robert Nilsson is back on ice.
6:53 of 3rd period - Nick Palmieri is hit by Brendan Mikkelson and loses puck.
7:18 of 3rd period - Penalty to Andrei Kostitsyn is over, Andrei Kostitsyn is back on ice.
7:45 of 3rd period - Icing by Jamie McBain.
7:46 of 3rd period - Brandon Sutter wins face-off versus Mikhail Grabovski in Canucks zone.
7:46 of 3rd period - Brandon Sutter is hit by Brendan Mikkelson.
8:10 of 3rd period - Jesper Fast is hit by Steve Eminger and loses puck.
8:23 of 3rd period - Derek Meech is hit by Paul Ranger and loses puck.
8:34 of 3rd period - Brad Boyes is hit by Eric Staal and loses puck.
8:53 of 3rd period - Eric Staal is hit by Andy Rogers.
9:06 of 3rd period - Snap shot by Andrei Kostitsyn.
9:06 of 3rd period - Shot Blocked by Brad Marchand.
9:24 of 3rd period - Brad Boyes is hit by Steve Eminger and loses puck.
9:41 of 3rd period - Wrist shot by Eric Staal.
9:41 of 3rd period - Stopped by Jacob Markstrom with a rebound.
9:43 of 3rd period - Slapshot by Steve Eminger.
9:43 of 3rd period - Stopped by Jacob Markstrom without a rebound.
9:44 of 3rd period - Robert Nilsson wins face-off versus Patrik Berglund in Canucks zone.
9:44 of 3rd period - Robert Nilsson is hit by Patrik Berglund.
9:51 of 3rd period - Off-side.
9:52 of 3rd period - Patrik Berglund wins face-off versus Robert Nilsson in neutral zone.
10:01 of 3rd period - Snap shot by Alexander Semin.
10:01 of 3rd period - Stopped by Jacob Markstrom with a rebound.
10:03 of 3rd period - Minor Penalty to Nick Palmieri for Charging.
10:04 of 3rd period - Robert Nilsson wins face-off versus Patrik Berglund in Canucks zone.
10:11 of 3rd period - Snap shot by Robert Nilsson.
10:11 of 3rd period - Stopped by Jonas Gustavsson with a rebound.
10:13 of 3rd period - Snap shot by Marc Savard.
10:13 of 3rd period - Shot Misses the Net.
10:57 of 3rd period - Minor Penalty to Peter Prucha for Holding.
10:58 of 3rd period - Eric Staal wins face-off versus Robert Nilsson in Flames zone.
11:05 of 3rd period - Snap shot by Eric Staal.
11:05 of 3rd period - Shot Misses the Net.
11:40 of 3rd period - Slapshot by Jamie McBain.
11:40 of 3rd period - Shot Blocked by Colin Wilson.
12:02 of 3rd period - Slapshot by Tim Ramholt.
12:02 of 3rd period - Stopped by Jacob Markstrom with a rebound.
12:03 of 3rd period - Penalty to Nick Palmieri is over, Nick Palmieri is back on ice.
12:04 of 3rd period - Wrist shot by Brendan Mikkelson.
12:04 of 3rd period - Shot Blocked by Paul Ranger.
12:16 of 3rd period - Wrist shot by Nick Palmieri.
12:16 of 3rd period - Shot Blocked by Tim Ramholt.
12:18 of 3rd period - Backhand shot by Paul Ranger.
12:18 of 3rd period - Stopped by Jonas Gustavsson with a rebound.
12:20 of 3rd period - Slapshot by Andy Rogers.
12:20 of 3rd period - Shot Blocked by Brendan Mikkelson.
12:22 of 3rd period - Slapshot by Paul Ranger.
12:22 of 3rd period - Deflect By Nick Palmieri.
12:22 of 3rd period - Stopped by Jonas Gustavsson with a rebound.
12:24 of 3rd period - Backhand shot by Nick Palmieri.
12:24 of 3rd period - Shot Misses the Net.
12:26 of 3rd period - Slapshot by Andy Rogers.
12:26 of 3rd period - Stopped by Jonas Gustavsson with a rebound.
12:28 of 3rd period - Wrist shot by Paul Ranger.
12:28 of 3rd period - Deflect By Jordin Tootoo.
12:28 of 3rd period - Stopped by Jonas Gustavsson with a rebound.
12:30 of 3rd period - Slapshot by Brandon Sutter.
12:30 of 3rd period - Stopped by Jonas Gustavsson without a rebound.
12:31 of 3rd period - Marc Savard wins face-off versus Colin Wilson in Flames zone.
12:32 of 3rd period - Wrist shot by Brad Boyes.
12:32 of 3rd period - Stopped by Jonas Gustavsson with a rebound.
12:34 of 3rd period - Snap shot by Brad Boyes.
12:34 of 3rd period - Goal by Brad Boyes - Canucks : 2 - Flames : 5.
12:35 of 3rd period - Eric Staal wins face-off versus Robert Nilsson in neutral zone.
12:39 of 3rd period - Minor Penalty to Robert Nilsson for Kneeing.
12:40 of 3rd period - Eric Staal wins face-off versus Marc Savard in Canucks zone.
13:09 of 3rd period - Wrist shot by Patrik Berglund.
13:09 of 3rd period - Shot Misses the Net.
13:40 of 3rd period - Andy Rogers is hit by David Backes.
14:28 of 3rd period - Jamie McBain is hit by Brad Marchand.
14:39 of 3rd period - Penalty to Robert Nilsson is over, Robert Nilsson is back on ice.
14:56 of 3rd period - Slapshot by Erik Johnson.
14:56 of 3rd period - Shot Blocked by Brandon Sutter.
15:10 of 3rd period - Wrist shot by Loui Eriksson.
15:10 of 3rd period - Stopped by Jonas Gustavsson without a rebound.
15:11 of 3rd period - Robert Nilsson wins face-off versus Mikhail Grabovski in Flames zone.
15:12 of 3rd period - Wrist shot by Loui Eriksson.
15:12 of 3rd period - Stopped by Jonas Gustavsson without a rebound.
15:13 of 3rd period - Robert Nilsson wins face-off versus Mikhail Grabovski in Flames zone.
15:14 of 3rd period - Snap shot by Nick Palmieri.
15:14 of 3rd period - Shot Misses the Net.
15:22 of 3rd period - Snap shot by Robert Nilsson.
15:22 of 3rd period - Stopped by Jonas Gustavsson without a rebound.
15:23 of 3rd period - Robert Nilsson wins face-off versus Eric Staal in Flames zone.
15:59 of 3rd period - Icing by Jamie McBain.
16:00 of 3rd period - Patrik Berglund wins face-off versus Robert Nilsson in Canucks zone.
16:03 of 3rd period - Snap shot by Alexander Semin.
16:03 of 3rd period - Stopped by Jacob Markstrom with a rebound.
16:25 of 3rd period - 10 Minutes Misconduct Penalty to Sami Vatanen is over.
16:45 of 3rd period - Minor Penalty to Jamie McBain for Slashing.
16:46 of 3rd period - Jeremy Morin wins face-off versus Eric Staal in Canucks zone.
16:46 of 3rd period - Jeremy Morin is hit by Eric Staal.
16:56 of 3rd period - Slapshot by Erik Johnson.
16:56 of 3rd period - Deflect By Eric Staal.
16:56 of 3rd period - Stopped by Jacob Markstrom without a rebound.
16:57 of 3rd period - Jeremy Morin wins face-off versus Patrik Berglund in Canucks zone.
17:21 of 3rd period - Drew Fata is hit by Patrik Berglund and loses puck.
17:35 of 3rd period - Off-side.
17:36 of 3rd period - Loui Eriksson wins face-off versus Eric Staal in neutral zone.
18:45 of 3rd period - Penalty to Jamie McBain is over, Jamie McBain is back on ice.
18:58 of 3rd period - Off-side.
18:59 of 3rd period - Jeremy Morin wins face-off versus Colin Wilson in neutral zone.
19:02 of 3rd period - Backhand shot by Jason Zucker.
19:02 of 3rd period - Shot Blocked by Derek Meech.
19:32 of 3rd period - Snap shot by David Backes.
19:32 of 3rd period - Stopped by Jacob Markstrom with a rebound.
19:34 of 3rd period - Wrist shot by Brad Marchand.
19:34 of 3rd period - Shot Misses the Net.
19:36 of 3rd period - Slapshot by Tim Ramholt.
19:36 of 3rd period - Stopped by Jacob Markstrom with a rebound.
19:38 of 3rd period - Slapshot by Tim Ramholt.
19:38 of 3rd period - Stopped by Jacob Markstrom with a rebound.
Goals for this period are 1 for Canucks vs 1 for Flames.
Shots for this period are 13 for Canucks vs 10 for Flames.
Back to the Top